 Dungeon Crawl Stone Soup version 0.21.1-1-g345015f (webtiles) character file.

4 inc the Chiller (level 1, 0/13 HPs)
             Began as an Octopode Ice Elementalist on June 16, 2018.
             Slain by a kobold
             ... wielding a +0 dagger
              (4 damage)
             ... on level 1 of the Dungeon.
             The game lasted 00:00:21 (180 turns).

inc the Chiller (Octopode Ice Elementalist)          Turns: 180, Time: 00:00:22

Health: 0/13       AC:  1    Str:  7    XL:     1   Next: 60%
Magic:  3/3        EV: 13    Int: 17    God:
Gold:   36         SH:  0    Dex: 12    Spells: 3/4 levels left

rFire    + . .     SeeInvis .   (no weapon)
rCold    . . .     Gourm    .   (no shield)
rNeg     . . .     Faith    .   (helmet restricted)
rPois    .         Spirit   .   (no amulet)
rElec    .         Reflect  .   c - ring of protection from fire
rCorr    .         Harm     .   (no ring)
MR       .....                  (no ring)
Stlth    +++.......             (no ring)
HPRegen  0.04/turn              (no ring)
MPRegen  0.08/turn              (no ring)
                                (no ring)
                                (no ring)

@: no status effects
A: almost no armour, stealthy swim, amphibious, 8 rings, constrict 8, camouflage
1, gelatinous body 1
a: no special abilities


You were on level 1 of the Dungeon.
You were not hungry.

You visited 1 branch of the dungeon, and saw 1 of its levels.

You collected 36 gold pieces.

Inventory:

Jewellery
 c - a ring of protection from fire (left tentacle)
Scrolls
 d - a scroll of identify {unknown}
Books
 a - a book of Frost

   Spells                             Type                      Level
   a - Freeze                         Ice                          1
   b - Throw Frost                    Conjuration/Ice              2
   c - Ozocubu's Armour               Charms/Ice                   3
   d - Throw Icicle                   Conjuration/Ice              4
   e - Summon Ice Beast               Ice/Summoning                4
Comestibles
 b - 2 rations


   Skills:
 + Level 1.1 Fighting
 - Level 2.0 Dodging
 - Level 2.6 Stealth
 - Level 2.0 Spellcasting
   Level 1.0 Conjurations
 - Level 3.0 Ice Magic


You had 3 spell levels left.
You knew the following spells:

 Your Spells              Type           Power        Failure   Level  Hunger
a - Freeze                Ice            ##..         5%          1    #......


Dungeon Overview and Level Annotations

Branches:
Dungeon (1/15)

Altars:


Innate Abilities, Weirdness & Mutations

You cannot wear most types of armour.
You are very stealthy in the water. (Stealth+)
You are amphibious.
You can wear up to eight rings at the same time.
You can use your tentacles to constrict eight enemies at once.
Your skin changes colour to match your surroundings (Stealth+).
Your rubbery body absorbs attacks. (AC +1, EV +1)


Message History

You are too injured to fight recklessly!
You are too injured to fight recklessly!
There are monsters nearby!
Unknown command.
You tentacle-slap the kobold but do no damage.
Your grab misses the kobold.
You squeeze the kobold, but do no damage.
The kobold misses you. The kobold barely misses you.
Unknown command.
You closely miss the kobold. Your grab misses the kobold.
Your squeeze misses the kobold. The kobold closely misses you.
The kobold barely misses you.
Unknown command.
You closely miss the kobold. Your grab misses the kobold.
The kobold completely misses you. The kobold closely misses you.
Unknown command.
You tentacle-slap the kobold but do no damage.
You grab the kobold. You constrict the kobold.
The kobold hits you but does no damage. The kobold hits you with a dagger.
You die...

#####.........>......
#..>........#####....
#..........###.......
♣..............##....
♣♣...................
♣.........#..##.....
♣.....?..##(.#######
♣>.......##..#######
♣..@.....##..##...##
♣.KK.....##..##...#
♣........##..##.<.#
♣.........##..##...#
#........###..##...#
..........# ##'###
...............###.###
##!...........⌠........
...........


You could see 2 kobolds.

Vanquished Creatures
  A dart slug (D:1)
  A hobgoblin (D:1)
2 creatures vanquished.

Notes
Turn   | Place    | Note
-------+----------+-------------------------------------------
     0 | D:1      | inc the Octopode Ice Elementalist began the quest for the Orb.
     0 | D:1      | Reached XP level 1. HP: 11/11 MP: 3/3
   124 | D:1      | Reached skill level 1 in Fighting
   180 | D:1      | Slain by a kobold

Skill      XL: |  1 |
---------------+----+-----
Fighting       | 1 |  1.1
Dodging        | |  2.0
Stealth        | |  2.6
Spellcasting   | |  2.0
Conjurations   | |  1.0
Ice Magic      | |  3.0

Action                   || total
-------------------------++-------
Melee: Unarmed           ||    18
       Constrict         ||     3
       Tentacles         ||     3
Dodge: Dodged            ||    13
